 Dungeon Crawl Stone Soup version 0.24.0-2-g5b39cebb1c (webtiles) character file.

Game seed: 6720062639649727561, levelgen mode: deterministic

131418 LostNumber the Fighter (level 17, -23/112 HPs)
             Began as a Gargoyle Assassin on Oct 29, 2019.
             Was a High Priest of the Shining One.
             Annihilated by an iron troll simulacrum (31 damage)
             ... in an ice cave.
             The game lasted 01:24:50 (37541 turns).

LostNumber the Fighter (Gargoyle Assassin)         Turns: 37541, Time: 01:24:51

Health: -23/112    AC: 38    Str: 20    XL:     17   Next: 10%
Magic:  27/27      EV:  6    Int: 14    God:    the Shining One [*****.]
Gold:   2629       SH: 14    Dex: 11    Spells: 16/16 levels left

rFire    + + .     SeeInvis +   Y - +7 broad axe
rCold    . . .     Gourm    .   p - +1 shield
rNeg     + + +     Faith    .   R - +1 plate armour {rF+}
rPois    ∞         Spirit   .   a - +1 hat {SInv}
rElec    +         Reflect  .   T - +3 cloak of Vehumet {rF+ rCorr}
rCorr    +         Harm     .   g - +0 pair of gloves
MR       ++...                  N - +0 pair of boots
Stlth    ..........             (no amulet)
HPRegen  0.28/turn              B - +4 ring of protection
MPRegen  0.20/turn              l - ring of protection from magic

@: flying, glowing
A: big wings, negative energy resistance 1, electricity resistance, unbreathing,
petrification resistance, rot immunity, AC +12
a: Stop Flying, Divine Shield, Cleansing Flame, Summon Divine Warrior, Renounce
Religion


You were in an ice cave.
You worshipped the Shining One.
The Shining One was extremely pleased with you.
You were not hungry.

You visited 5 branches of the dungeon, and saw 28 of its levels.
You also visited: Ossuary, Bailey and Ice Cave.

You collected 2768 gold pieces.
You spent 110 gold pieces at shops.
You donated 29 gold pieces to Zin.

Inventory:

Hand Weapons
 H - the +6 trident of Seelego {flame, rPois Stlth+}
   (You took it off a spriggan on level 9 of the Dungeon)

   It has been specially enchanted to burn those struck by it, causing extra
   injury to most foes and up to half again as much damage against particularly
   susceptible opponents.
   It protects you from poison.
   It makes you more stealthy.
 Y - a +7 broad axe (weapon)
   (You found it on level 3 of the Lair of Beasts)
Missiles
 z - 5 curare-tipped darts (quivered) {!f}
 E - a throwing net {!f}
Armour
 a - a +1 hat of see invisible (worn)
   (You took it off Gastronok on level 3 of the Lair of Beasts)
 g - a +0 pair of gloves (worn)
   (You found it on level 15 of the Dungeon)
 p - a +1 shield (worn)
   (You found it on level 5 of the Dungeon)
 N - a +0 pair of boots (worn)
   (You found it on level 7 of the Dungeon)
 R - a +1 plate armour of fire resistance (worn)
   (You took it off an orc warrior on level 1 of the Orcish Mines)
 T - the +3 cloak of Vehumet (worn) {rF+ rCorr}
   (You found it on level 12 of the Dungeon)

   It protects you from fire.
   It provides partial protection from all sources of acid and corrosion.
Jewellery
 l - a ring of protection from magic (right hand)
   (You found it on level 3 of the Dungeon)
 B - a +4 ring of protection (left hand)
   (You found it on level 4 of the Dungeon)
 C - a +2 ring of evasion
   (You found it on level 4 of the Dungeon)
Wands
 c - a wand of disintegration (42)
   (You found it on level 10 of the Dungeon)
 d - a wand of iceblast (15)
   (You found it on level 10 of the Dungeon)
 t - a wand of flame (50)
   (You found it on level 13 of the Dungeon)
 u - a wand of paralysis (6)
   (You found it on level 3 of the Lair of Beasts)
 v - a wand of digging (7)
   (You found it on level 1 of the Spider Nest)
 x - a wand of acid (8)
   (You took it off a yaktaur on level 15 of the Dungeon)
 P - a wand of polymorph (11)
   (You found it on level 6 of the Dungeon)
 U - a wand of enslavement (8)
   (You found it on level 5 of the Lair of Beasts)
Scrolls
 b - 5 scrolls of enchant weapon
 m - 2 scrolls of fear
 n - 8 scrolls of teleportation {@r4}
 o - 6 scrolls of blinking
 q - a scroll of magic mapping
 w - 10 scrolls of remove curse {@r2}
 A - 6 scrolls of enchant armour
 L - 2 scrolls of fog
 M - a scroll of identify {@r1}
 V - a scroll of vulnerability {!r}
Potions
 f - 2 potions of berserk rage
 h - 4 potions of heal wounds {@q2}
 i - 4 potions of flight
 j - a potion of mutation {!q}
 r - 3 potions of resistance
 s - 8 potions of lignification {!q}
 y - 9 potions of haste {@q3}
 D - 3 potions of ambrosia
 F - 8 potions of curing {@q1}
 G - 3 potions of agility
 K - 3 potions of magic
 Q - 4 potions of might
Miscellaneous
 k - a phial of floods
   (You found it on level 2 of the Lair of Beasts)
 I - a phantom mirror
 W - a lamp of fire
   (You found it on level 3 of the Lair of Beasts)
Comestibles
 e - 38 rations {!d}


   Skills:
 + Level 14.4 Fighting
   Level 1.7 Short Blades
 * Level 12.1(14.3) Axes
   Level 13.6(15.5) Maces & Flails
 - Level 4.0(8.9) Polearms
 - Level 1.7 Throwing
 - Level 6.2 Armour
 - Level 0.7 Dodging
 - Level 4.3 Stealth
 + Level 13.5 Shields
 + Level 14.1 Invocations


You had 16 spell levels left.
You didn't know any spells.
Your spell library contained the following spells:

 Spells                   Type           Power        Failure   Level  Hunger
 Animate Skeleton         Necr           N/A          100%        1    ##.....
 Apportation              Tloc           #.....       100%        1    ##.....
 Beastly Appendage        Tmut           #.....       100%        1    ##.....
 Confusing Touch          Hex            #.....       100%        1    ##.....
 Corona                   Hex            #......      100%        1    ##.....
 Freeze                   Ice            #...         100%        1    ##.....
 Pain                     Necr           #...         100%        1    ##.....
 Summon Small Mammal      Summ           #...         100%        1    ##.....
 Call Imp                 Summ           #.......     100%        2    ###....
 Ensorcelled Hibernation  Hex/Ice        #.....       100%        2    ###....
 Sticks to Snakes         Tmut           #.......     100%        2    ###....
 Throw Frost              Conj/Ice       #.....       100%        2    ###....
 Call Canine Familiar     Summ           #.......     100%        3    ####...
 Confuse                  Hex            #.......     100%        3    ####...
 Dazzling Spray           Conj/Hex       #.....       100%        3    ####...
 Ozocubu's Armour         Chrm/Ice       #.......     100%        3    ####...
 Regeneration             Chrm/Necr      #.........   100%        3    ####...
 Spider Form              Tmut/Pois      #.........   100%        3    ####...
 Summon Guardian Golem    Hex/Summ       #.......     100%        3    ####...
 Tukima's Dance           Hex            #.......     100%        3    ####...
 Vampiric Draining        Necr           #.........   100%        3    ####...
 Animate Dead             Necr           N/A          100%        4    #####..
 Ice Form                 Ice/Tmut       #.......     100%        4    #####..
 Summon Ice Beast         Ice/Summ       #.......     100%        4    #####..
 Summon Lightning Spire   Summ/Air       #.......     100%        4    #####..
 Throw Icicle             Conj/Ice       #.......     100%        4    #####..
 Blade Hands              Tmut           #.........   100%        5    ######.


Dungeon Overview and Level Annotations

Branches:
Dungeon (15/15)            Temple (1/1) D:5            Lair (6/6) D:10
 Shoals (0/4) Lair:4       Spider (4/4) Lair:2        Slime (0/5) Lair:6
    Orc (2/2) D:10            Elf (0/3) Orc:2        Vaults (0/5) D:13
 Depths (0/5) D:15        Ossuary (visited)          Bailey (visited)
  IceCv (1/1)

Altars:
Ashenzari
Cheibriados
Dithmenos
Elyvilon
Fedhas
Gozag
Hepliaklqana
Kikubaaqudgha
Makhleb
Nemelex Xobeh
Okawaru
Qazlal
Ru
Sif Muna
Trog
Uskayaw
Vehumet
Wu Jian
Xom
Yredelemnul
Zin
The Shining One

Shops:
D:10 }   Orc:1 (   Orc:2 (?[(

Annotations:
D:13 1 runed translucent door, ChadusMaximus's ghost, journeyman MiBe
D:14 Frances


Innate Abilities, Weirdness & Mutations

You are resistant to torment.
Your stone body is resilient. (AC +12)
You are immune to poison.
Your large and strong wings let you fly indefinitely.
You resist negative energy. (rN+)
You are resistant to electric shocks. (rElec)
You can survive without breathing.
You are immune to petrification.
You are immune to rotting.


Message History

No reachable target in view!
Unknown command.
You slice the naga simulacrum!!
The naga simulacrum vapourises!
The Shining One accepts your kill.
You slash the golden dragon simulacrum! You slash the golden dragon simulacrum!
The golden dragon simulacrum bites you but does no damage.
The golden dragon simulacrum completely misses you.
The golden dragon simulacrum tramples you but does no damage.
You hit the golden dragon simulacrum but do no damage.
The golden dragon simulacrum bites you!
The golden dragon simulacrum freezes you!!
You block the golden dragon simulacrum's attack.
The golden dragon simulacrum tramples you but does no damage.
You slice the golden dragon simulacrum!!
The golden dragon simulacrum vapourises!
The Shining One accepts your kill.
You feel better.
You slash the naga simulacrum! You hit the naga simulacrum.
The naga simulacrum hits you but does no damage.
The naga simulacrum barely misses you.
You hit the naga simulacrum.
The naga simulacrum vapourises!
The Shining One accepts your kill.
You slash the draconian simulacrum!
The draconian simulacrum barely misses you.
You slash the draconian simulacrum!
The draconian simulacrum barely misses you.
You slash the draconian simulacrum!
The draconian simulacrum vapourises!
The Shining One accepts your kill.
You feel better.
You hit the iron troll simulacrum. You slash the iron troll simulacrum!
The iron troll simulacrum bites you. The iron troll simulacrum freezes you!!
* * * LOW HITPOINT WARNING * * *
The iron troll simulacrum claws you.
* * * LOW HITPOINT WARNING * * *
The iron troll simulacrum freezes you!!!
* * * LOW HITPOINT WARNING * * *
The iron troll simulacrum claws you but does no damage.
You slice the iron troll simulacrum!! You hit the iron troll simulacrum.
The iron troll simulacrum bites you but does no damage.
The iron troll simulacrum claws you.
* * * LOW HITPOINT WARNING * * *
The iron troll simulacrum freezes you!!
You die...

. # #. ## ##.
##. #...## #..
#...### #### #..
#.Z@####..# ##..
###...#..####
##...
###....#..##
#...#
####.#...#####.#
##.##...##.#)
#######....#
######


You could see an iron troll simulacrum.

Vanquished Creatures
  Asterion (Spider:1)
  Kirke (Lair:5)
  Gastronok (Lair:3)
  A fire giant (D:15)
  3 emperor scorpions (Spider:3)
  A ghost moth (Spider:1)
  3 entropy weavers
  Josephine (Lair:4)
  10 hydras
  2 centaur warriors
  3 catoblepae
  A merfolk avatar (Lair:6)
  5 two-headed ogres
  Urug (Lair:5)
  An orc high priest (Orc:2)
  A slime creature (D:15)
  2 unseen horrors (D:11)
  3 sea snakes (Lair:6)
  A harpy (Lair:6)
  8 orc knights
  8 orb spiders (Spider:2)
  A cyclops (D:11)
  27 wolf spiders
  15 ugly things
  A deep elf mage (D:13)
  4 orc sorcerers (Orc:2)
  2 elephants (Lair:6)
  An ice statue (IceCv)
  3 black mambas
  2 centaur skeletons
  12 spiny frogs
  3 torpor snails
  6 rime drakes
  14 komodo dragons
  A kobold demonologist (D:15)
  An efreet (D:15)
  2 yaktaurs
  3 freezing wraiths (IceCv)
  9 demonic crawlers
  A harpy zombie (D:13)
  A tengu conjurer (D:15)
  A golden dragon simulacrum (IceCv)
  23 jumping spiders
  2 wind drakes (Lair:6)
  3 meliai (D:15)
  A merfolk (D:10)
  6 polar bears
  4 hornets
  2 harpy skeletons
  11 hippogriffs
  3 dream sheep (Lair:3)
  10 blink frogs
  35 redbacks
  29 tarantellas
  8 wyverns
  43 yaks
  2 hogs (Lair:5)
  4 wraiths
  A hungry ghost (D:9)
  Eustachio (D:6)
  4 basilisks
  2 steam dragons
  7 vampire mosquitoes
  A swamp worm (D:10)
  2 wargs
  An acid dragon (D:14)
  3 porcupines
  14 water moccasins
  46 orc warriors
  3 swamp drakes (Lair:6)
  3 black bears
  7 sky beasts
  2 ice beasts
  A phantom (D:7)
  3 wolves (Lair:5)
  10 ogres
  18 centaurs
  10 crocodiles
  4 big kobolds
  2 elf zombies (Ossuary)
  16 bullfrogs
  A gnoll sergeant (Temple)
  A wyvern zombie (D:12)
  2 scorpions
  A water moccasin skeleton (D:6)
  An elephant simulacrum (IceCv)
  3 killer bees (D:7)
  3 howler monkeys
  An electric eel (Lair:5)
  A draconian simulacrum (IceCv)
  4 crimson imps
  2 human zombies (Ossuary)
  9 centaur zombies
  5 jellies
  28 orc priests
  5 bullfrog skeletons
  6 hounds
  4 iguanas
  41 orc wizards
  9 worker ants
  9 hell rats
  A spriggan simulacrum (IceCv)
  A troll simulacrum (IceCv)
  A killer bee zombie (D:8)
  A big kobold zombie (Ossuary)
  3 mummies (Ossuary)
  A hound zombie (D:10)
  A worker ant zombie (D:10)
  3 gnolls (D:5)
  12 adders
  A howler monkey skeleton (D:5)
  3 naga simulacra (IceCv)
  6 river rats (Lair:1)
  A shadow imp (D:8)
  2 white imps (IceCv)
  2 ufetubi (IceCv)
  An ooze (D:2)
  6 adder zombies
  2 worms
  A dart slug (D:2)
  7 leopard geckos
  131 orcs
  A giant cockroach (D:3)
  15 goblins
  9 hobgoblins
  10 jackals
  38 kobolds
  6 quokkas
  A ball python (D:2)
  8 bats
  4 frilled lizards
  3 goblin zombies (Ossuary)
  4 hobgoblin zombies (Ossuary)
  2 jackal skeletons (D:6)
  4 jackal zombies
  7 kobold zombies (Ossuary)
  A leopard gecko skeleton (D:4)
  3 orc zombies (Ossuary)
  A quokka zombie (Ossuary)
  17 rats
  5 rat zombies
  A fungus (Lair:6)
  2 plants (Lair:6)
980 creatures vanquished.

Vanquished Creatures (collateral kills)
  An emperor scorpion (Spider:1)
  A two-headed ogre (D:9)
  The ghost of Katsumi the Fighter, a journeyman FeTm of Ru (D:9)
  3 wolf spiders (Spider:1)
  An orb spider (Spider:1)
  An ugly thing (D:10)
  An efreet (D:14)
  A komodo dragon (Lair:1)
  4 redbacks (Spider:1)
  2 spriggans (D:9)
  A wolf (D:9)
  A bullfrog (Lair:1)
  A jelly (D:9)
  A hell rat (Lair:1)
20 creatures vanquished.

Vanquished Creatures (others)
  A wolf spider (Spider:2)
  A jumping spider (Spider:2)
  A tarantella (Spider:2)
  A human (Lair:5)
  A water moccasin (Lair:5)
  2 orc wizards
  A white imp (IceCv)
  2 ufetubi (IceCv)
  6 fungi
  14 plants
30 creatures vanquished.

Grand Total: 1030 creatures vanquished

Notes
Turn   | Place    | Note
-------+----------+-------------------------------------------
     0 | D:1      | LostNumber the Gargoyle Assassin began the quest for the
                  | Orb.
     0 | D:1      | Reached XP level 1. HP: 12/12 MP: 1/1
   173 | D:1      | Reached XP level 2. HP: 18/18 MP: 2/2
   174 | D:1      | Reached skill level 1 in Maces & Flails
   466 | D:1      | Reached XP level 3. HP: 22/22 MP: 3/3
  1134 | D:2      | Reached XP level 4. HP: 28/28 MP: 4/4
  1304 | D:2      | Found a glowing silver altar of Zin.
  1321 | D:2      | Became a worshipper of Zin the Law-Giver
  1321 | D:2      | Reached * piety under Zin
  1756 | D:3      | Reached ** piety under Zin
  2043 | D:3      | Reached skill level 1 in Invocations
  2043 | D:3      | Reached XP level 5. HP: 16/33 MP: 5/5
  2683 | D:4      | Found a shimmering blue altar of Sif Muna.
  2690 | D:4      | Found a sacrificial altar of Ru.
  2697 | D:4      | Found a shimmering altar of Xom.
  2704 | D:4      | Found a blossoming altar of Fedhas.
  2711 | D:4      | Found a hide-covered altar of Uskayaw.
  2718 | D:4      | Found a basalt altar of Yredelemnul.
  2723 | D:4      | Found a radiant altar of Vehumet.
  2740 | D:4      | Found a white marble altar of Elyvilon.
  2785 | D:4      | Reached XP level 6. HP: 27/38 MP: 7/7
  3200 | D:4      | Reached *** piety under Zin
  3813 | D:5      | Entered Level 5 of the Dungeon
  4067 | D:4      | Reached XP level 7. HP: 32/44 MP: 9/9
  4158 | D:4      | Reached skill level 5 in Maces & Flails
  4356 | D:5      | Found a staircase to the Ecumenical Temple.
  4390 | Temple   | Entered the Ecumenical Temple
  4543 | Temple   | Fell from the grace of Zin
  4543 | Temple   | Became a worshipper of the Shining One
  4543 | Temple   | Reached * piety under the Shining One
  4590 | D:5      | HP: 1/44 [ogre/+0 giant club (14)]
  4917 | D:5      | Reached skill level 5 in Fighting
  5349 | D:5      | Reached ** piety under the Shining One
  5674 | D:5      | Reached XP level 8. HP: 33/50 MP: 9/11
  6113 | D:6      | Noticed Eustachio
  6133 | D:6      | Killed Eustachio
  6155 | D:6      | Reached skill level 1 in Shields
  6627 | D:6      | Found a sparkling altar of Nemelex Xobeh.
  6628 | D:6      | Found an opulent altar of Gozag.
  6844 | D:7      | Reached skill level 5 in Invocations
  7114 | D:7      | Reached XP level 9. HP: 34/56 MP: 12/12
  7121 | D:7      | Found a sand-covered staircase.
  7129 | Ossuary  | Entered an ossuary
  7259 | Ossuary  | Reached *** piety under the Shining One
  7417 | Ossuary  | Reached **** piety under the Shining One
  7737 | D:7      | Reached ***** piety under the Shining One
  8882 | D:8      | Reached XP level 10. HP: 42/63 MP: 14/14
  9322 | D:8      | Reached skill level 5 in Shields
  9593 | D:9      | Noticed a two-headed ogre
  9601 | D:9      | Killed a two-headed ogre
  9636 | D:9      | Found a runed translucent door.
  9637 | D:9      | Identified the +6 trident of Seelego {flame, rPois Stlth+}
  9640 | D:9      | Noticed Katsumi's ghost (journeyman FeTm)
  9646 | D:9      | HP: 3/64 [spriggan/the +6 trident of Seelego {flame, rPois
                  | Stlth+} (3)]
  9648 | D:9      | Killed Katsumi's ghost
  9648 | D:9      | Reached skill level 10 in Maces & Flails
 11249 | D:10     | Entered Level 10 of the Dungeon
 11249 | D:10     | Noticed a deep elf mage
 11250 | D:10     | a deep elf mage changed into a swamp worm
 11554 | D:10     | Reached XP level 11. HP: 69/69 MP: 15/17
 11840 | D:10     | Found a staircase to the Lair.
 12055 | D:10     | Noticed a brown ugly thing
 12058 | D:10     | Found Hillick's Gadget Shoppe.
 12061 | D:10     | Killed a brown ugly thing
 12302 | D:10     | Found a staircase to the Orcish Mines.
 12398 | Lair:1   | Entered Level 1 of the Lair of Beasts
 14358 | Lair:1   | Noticed a seven-headed hydra
 14375 | Lair:1   | Killed a seven-headed hydra
 14789 | Lair:1   | Noticed a four-headed hydra
 14828 | Lair:1   | Killed a four-headed hydra
 14828 | Lair:1   | Reached skill level 10 in Fighting
 14828 | Lair:1   | Reached XP level 12. HP: 41/77 MP: 17/19
 15888 | Lair:2   | Found a hole to the Spider Nest.
 16586 | Lair:2   | Noticed a six-headed hydra
 16609 | Lair:2   | Killed a six-headed hydra
 17332 | Orc:1    | Entered Level 1 of the Orcish Mines
 17332 | Orc:1    | Found Komiboem's Antique Weapon Shoppe.
 18025 | Orc:1    | Reached skill level 1 in Armour
 18187 | Orc:2    | Entered Level 2 of the Orcish Mines
 18187 | Orc:2    | Found a staircase to the Elven Halls.
 18995 | Orc:2    | Reached skill level 10 in Invocations
 20161 | Orc:1    | Reached skill level 1 in Polearms
 20937 | Orc:2    | Noticed a soul eater
 20959 | Orc:2    | Noticed a soul eater
 21040 | Orc:2    | Noticed an orc high priest
 21051 | Orc:2    | Killed an orc high priest
 21177 | Orc:2    | Reached XP level 13. HP: 77/84 MP: 20/20
 21226 | Orc:2    | Found Tuil's Antique Weapon Emporium.
 21226 | Orc:2    | Found Haocoav's Magic Scroll Emporium.
 21486 | Orc:2    | Found Xaeteb's Antique Weapon Shoppe.
 21490 | Orc:2    | Found Yrhybaop's Armour Shoppe.
 21507 | Orc:2    | Bought a scroll of blinking for 97 gold pieces
 21507 | Orc:2    | Bought a scroll of noise for 13 gold pieces
 22504 | Lair:3   | Noticed Sonja
 22510 | Lair:3   | Noticed Sonja
 22510 | Lair:3   | Sonja changed into Sonja the wyvern
 22515 | Lair:3   | Killed Sonja the wyvern
 22623 | Lair:3   | Noticed Gastronok
 22839 | Lair:3   | Killed Gastronok
 22839 | Lair:3   | Reached skill level 1 in Axes
 23942 | D:11     | Reached skill level 10 in Shields
 24055 | D:11     | Reached skill level 5 in Armour
 24673 | D:12     | Gained mutation: Your large and strong wings let you fly
                  | indefinitely. [Gargoyle growth]
 24673 | D:12     | Reached XP level 14. HP: 90/90 MP: 22/22
 24898 | D:12     | Got a jewelled cloak
 24909 | D:12     | Identified the +3 cloak of Vehumet {rF+ rCorr} (You found
                  | it on level 12 of the Dungeon)
 25212 | D:12     | Reached skill level 5 in Axes
 25497 | D:13     | Found a flagged portal.
 25507 | Bailey   | Entered a bailey
 26545 | D:13     | Found a gate to the Vaults.
 26600 | D:13     | Found a runed translucent door.
 26600 | D:13     | Noticed ChadusMaximus's ghost (journeyman MiBe)
 26940 | D:14     | You fall into a shaft and drop 1 floor!
 26940 | D:15     | Entered Level 15 of the Dungeon
 26940 | D:15     | Found a blossoming altar of Fedhas.
 26990 | D:15     | Noticed a fire giant
 27140 | D:15     | Found a staircase to the Depths.
 27161 | D:15     | Killed a fire giant
 28090 | D:14     | Reached XP level 15. HP: 84/97 MP: 24/24
 28135 | D:14     | Noticed Frances
 28424 | Lair:4   | Noticed Josephine
 28434 | Lair:4   | Killed Josephine
 28612 | Lair:4   | You are sucked into a shaft and drop 1 floor!
 28801 | Lair:4   | Found a staircase to the Shoals.
 29349 | Lair:5   | Noticed Kirke
 29367 | Lair:5   | Killed Kirke
 29553 | Lair:5   | Noticed Urug
 29565 | Lair:5   | Killed Urug
 30363 | Lair:6   | Entered Level 6 of the Lair of Beasts
 30487 | Lair:6   | Got a coiled tin ring
 30538 | Lair:6   | Found a staircase to the Slime Pits.
 32009 | Spider:1 | Entered Level 1 of the Spider Nest
 32443 | Spider:1 | Noticed Asterion
 32608 | Spider:1 | Reached skill level 10 in Axes
 32614 | Spider:1 | Noticed an Executioner
 32621 | Spider:1 | Reached XP level 16. HP: 43/104 MP: 25/25
 32629 | Spider:1 | Killed Asterion
 35146 | Spider:2 | Identified a scroll of acquirement
 35148 | Spider:2 | Got an amber-encrusted chain mail
 35159 | Spider:2 | Identified the +2 chain mail "Neraod" {rN+} (You acquired
                  | it on level 2 of the Spider Nest)
 35205 | Spider:2 | Identified the ring "Leaffiv" {*Drain rElec rCorr Int+8
                  | Stlth+} (You found it on level 6 of the Lair of Beasts)
 37032 | Spider:4 | Entered Level 4 of the Spider Nest
 37051 | Spider:4 | Reached XP level 17. HP: 77/112 MP: 23/27
 37080 | Spider:4 | Found a frozen archway.
 37089 | IceCv    | Entered an ice cave
 37541 | IceCv    | Annihilated by an iron troll simulacrum

Levels and vault maps discovered:
D:1:      scummos_arrival_simple_crosswalls, layout_basic, fountainhead,
          minmay_unequal
D:2:      layout_basic, overflow_temple_1_default
D:3:      layout_loops_ring, minmay_quadrilaterals
D:4:      layout_basic, elyvilon_altar_1, grunt_temple_overflow_octagram
D:5:      layout_basic, minmay_temple_entry_tees, first_ration
D:6:      layout_loops_ring, grunt_temple_overflow_opulence, uniq_eustachio
D:7:      layout_gridville, enter_ossuary_4
D:8:      layout_basic
D:9:      layout_basic, ebering_ghost_funeral_grove
D:10:     layout_rooms, lair_entry_dummy, david_orc_4, serial_shops,
          nicolae_shop_trees, hangedman_stone_soup
D:11:     layout_long_grid
D:12:     layout_basic
D:13:     layout_big_octagon, enter_bailey_3, ebering_ghost_inner_flame
D:14:     layout_gridville, basic_altar, hangedman_decor_clover_reticule,
          drop_trap, kennysheep_small_spiral, nicolae_wwwww,
          nemelex_xobeh_ov_fountains_minmay, uniq_frances
D:15:     grunt_enter_depths_giant_problem, layout_basic,
          chequers_serial_rivers_micro_a, basic_altar, hangedman_glass_teeth
Temple:   minmay_temple_curvy_loop
Lair:1:   layout_concentric_octagons, nicolae_quartered_pool_medium,
          kennysheep_abandoned_house
Lair:2:   layout_cave_pods, spider_nest_entry_rubble
Lair:3:   layout_chaotic_city, minmay_shattered_shrine, uniq_sonja,
          uniq_gastronok
Lair:4:   layout_layer_cave, minmay_shoals_entry_centaurs, st_stairs_5,
          serial_bayou_shore_a, grunt_megastairs_5, uniq_josephine
Lair:5:   layout_cave_pods, wad_woods_river_01, uniq_kirke, uniq_urug
Lair:6:   gammafunk_lair_ancient_temple, layout_cave_pods, slime_dummy,
          guppyfry_lair_drakes, serial_bayou_shore_b
Spider:1: layout_spider_delve, uniq_asterion
Spider:2: layout_spider_delve
Spider:3: layout_spider_delve
Spider:4: grunt_spider_rune_circles, portal_ice_cave_entry_ugly_swarm,
          guppyfry_spider_mini_1
Orc:1:    layout_caves, serial_shops, nicolae_shop_overgrown_old_shop
Orc:2:    st_orc_mages, layout_caves, gauntlet_entry_generic
IceCv:    ice_cave_caverns_03

Skill      XL: |  1  2  3  4  5  6  7  8  9 10 11 12 13 14 15 16 17 |
---------------+----------------------------------------------------+-----
Maces & Flails | 1 2 3 4 6 7 9 10 12 13 | 13.6
Fighting       | 3 4 5 6 7 8 10 11 12 13 14 | 14.4
Invocations    | 1 2 4 5 6 8 9 10 11 12 13 14 | 14.1
Shields        | 2 4 6 8 9 10 11 12 13 | 13.5
Armour         | 2 5 6 |  6.2
Polearms       | 2 4 |  4.0
Axes           | 4 7 10 11 12 | 12.1
Short Blades   | |  1.7
Throwing       | |  1.7
Dodging        | |  0.7
Stealth        | |  4.3

Action                   |  1- 3 |  4- 6 |  7- 9 | 10-12 | 13-15 | 16-18 || total
-------------------------+-------+-------+-------+-------+-------+-------++-------
Melee: Dagger            |   121 |   232 |       |       |       |       ||   353
       Mace              |       |   117 |   614 |  1118 |       |       ||  1849
       Trident           |       |       |       |   179 |  1567 |       ||  1746
       Broad axe         |       |       |       |       |    52 |   518 ||   570
Invok: Vitalisation      |       |     1 |       |       |       |       ||     1
       Recite            |       |     1 |     2 |       |       |       ||     3
       Divine Shield     |       |       |       |    15 |     9 |     6 ||    30
       Cleansing Flame   |       |       |       |    17 |    13 |     4 ||    34
       Summon Divine War |       |       |       |     2 |     2 |       ||     4
 Abil: Fly               |       |       |       |       |     1 |       ||     1
Evoke: Wand              |       |       |       |     7 |     2 |     5 ||    14
       Phial of floods   |       |       |       |     1 |       |       ||     1
  Use: Potion            |       |     1 |     2 |     2 |     7 |     1 ||    13
       Scroll            |       |     2 |     9 |    11 |    17 |     3 ||    42
 Stab: Sleeping          |     8 |     5 |       |       |       |       ||    13
       Invisible         |       |     2 |       |       |       |       ||     2
  Eat: Chunk             |     1 |    10 |    12 |    35 |    42 |     6 ||   106
       Ration            |       |       |     1 |     4 |       |     4 ||     9
Armor: Robe              |    38 |     6 |       |       |       |       ||    44
       Ring mail         |       |   144 |   368 |    33 |       |       ||   545
       Chain mail        |       |       |       |   296 |       |       ||   296
       Plate armour      |       |       |       |   260 |  1306 |   609 ||  2175
       Skin              |       |       |       |    47 |       |       ||    47
Dodge: Dodged            |    66 |   187 |   373 |   203 |   299 |   147 ||  1275
       Deflected         |       |       |     6 |    10 |     9 |       ||    25
Block: Shield            |       |       |       |   698 |  1205 |   589 ||  2492
       Other             |       |       |       |    23 |       |       ||    23
